 Dungeon Crawl Stone Soup version 0.25.0-9-g26727b657a (webtiles) character file.

Game seed: 5328138554872161162

700 Delamore the Basher (level 7, 0/41 HPs)
             Began as a Gargoyle Fighter on June 17, 2020.
             Was an Initiate of Okawaru.
             Slain by an orc warrior
             ... wielding a +0 dire flail
              (16 damage)
             ... on level 5 of the Dungeon.
             The game lasted 00:03:49 (4152 turns).

Delamore the Basher (Gargoyle Fighter)              Turns: 4152, Time: 00:03:49

Health: 0/41       AC: 13    Str: 21    XL:     7   Next: 65%
Magic:  7/7        EV:  7    Int:  9    God:    Okawaru [......]
Gold:   245        SH: 14    Dex:  9    Spells: 6/6 levels left

rFire    . . .     SeeInvis .   a - +0 flail
rCold    . . .     Gourm    .   c - +0 kite shield
rNeg     + . .     Faith    .   b - +0 scale mail
rPois    ∞         Spirit   .   z - +0 helmet
rElec    +         Reflect  +   (no cloak)
rCorr    .         Harm     .   (no gloves)
MR       .....                  v - +0 pair of boots
Stlth    +.........             w - amulet of reflection
HPRegen  0.13/turn              (no ring)
MPRegen  0.10/turn              p - ring of stealth

@: no status effects
A: negative energy resistance 1, electricity resistance, unbreathing,
petrification resistance, rot immunity, AC +4
a: Renounce Religion


You were on level 5 of the Dungeon.
You worshipped Okawaru.
Okawaru was noncommittal.
You were not hungry.

You visited 1 branch of the dungeon, and saw 5 of its levels.

You collected 245 gold pieces.

Inventory:

Hand Weapons
 a - a +0 flail (weapon)
Missiles
 e - 3 curare-tipped darts (quivered)
 r - 5 javelins
Armour
 b - a +0 scale mail (worn)
 c - a +0 kite shield (worn)
 v - a +0 pair of boots (worn)
 z - a +0 helmet (worn)
Jewellery
 m - an uncursed ring of wizardry
 p - a ring of stealth (right hand)
 w - an amulet of reflection (around neck)
 y - an uncursed ring of ice
Scrolls
 h - a scroll of fog {unknown}
 j - a scroll of fear {unknown}
 k - a scroll of teleportation {unknown}
 l - 2 scrolls of noise {unknown}
 n - a scroll of remove curse
 q - a scroll of identify {unknown}
 t - 2 scrolls of amnesia {unknown}
 u - a scroll of random uselessness {unknown}
 x - a scroll of enchant weapon {unknown}
 B - a scroll of enchant armour {unknown}
Potions
 d - a potion of might
 g - a potion of ambrosia {unknown}
 i - a potion of stabbing {unknown}
 o - a potion of degeneration {unknown}
 s - a potion of heal wounds {unknown}
Comestibles
 f - 8 rations
 A - 11 chunks of flesh


   Skills:
 - Level 3.2 Fighting
 + Level 8.4 Maces & Flails
 - Level 3.2 Armour
 - Level 3.2 Shields


You had 6 spell levels left.
You didn't know any spells.
Your spell library contained the following spells:

 Spells                   Type           Power        Failure   Level  Hunger
 Animate Skeleton         Necr           N/A          99%         1    ##.....
 Pain                     Necr           #...         99%         1    ##.....
 Vampiric Draining        Necr           #.........   100%        3    ####...
 Animate Dead             Necr           N/A          100%        4    #####..
 Agony                    Necr           #.......     100%        5    ######.


Dungeon Overview and Level Annotations

Branches:
Dungeon (5/15)
 Temple: D:4-7

Altars:
Elyvilon
Gozag
Hepliaklqana
Nemelex Xobeh
Okawaru
Trog


Innate Abilities, Weirdness & Mutations

You are resistant to torment.
Your stone body is resilient. (AC +4)
You are immune to poison.
You resist negative energy. (rN+)
You are resistant to electric shocks. (rElec)
You can survive without breathing.
You are immune to petrification.
You are immune to rotting.


Message History

Okawaru accepts your kill.
Your shield prevents you from hitting the orc warrior.
The orc warrior is lightly wounded.
You block the orc warrior's attack.
You hit the orc warrior but do no damage.
The orc warrior is lightly wounded.
You block the orc warrior's attack.
You closely miss the orc warrior.
The orc warrior is lightly wounded.
The orc warrior barely misses you.
You barely miss the orc warrior.
The orc warrior is lightly wounded.
You block the orc warrior's attack.
You hit the orc warrior.
The orc warrior is moderately wounded.
You block the orc warrior's attack.
You closely miss the orc warrior.
The orc warrior is moderately wounded.
The orc warrior hits you with a +0 dire flail!
You die...

..# ..## . ..## .. ..#
#..## #..# ..#
#...##....# ..# ##
#..)..$.... ..# ##.
#o#...# ..# #..##o....#
##..### #.@##....#
##.....#######..###...#
##.........#..)##..##..#
....###......#.##.##
#..# ...## ###.......###
..# ..## #...##### #..#
.## #...# .. .####
##..## ...(.###...#


You could see an orc warrior and an orc.

Vanquished Creatures
  An ogre (D:3)
  A phantom (D:4)
  A centaur (D:5)
  A centaur skeleton (D:4)
  4 orc wizards
  3 worker ants
  Robin (D:4)
  11 adders
  A worm (D:3)
  3 dart slugs
  3 leopard geckos
  9 orcs
  10 bats
  5 giant cockroaches
  21 goblins
  7 hobgoblins
  8 jackals
  9 kobolds
  3 quokkas
  A ball python (D:2)
  6 frilled lizards
  7 rats
116 creatures vanquished.

Notes
Turn   | Place    | Note
-------+----------+-------------------------------------------
     0 | D:1      | Delamore the Gargoyle Fighter began the quest for the Orb.
     0 | D:1      | Reached XP level 1. HP: 14/14 MP: 1/1
   253 | D:1      | Reached XP level 2. HP: 19/19 MP: 2/2
   295 | D:1      | Reached skill level 3 in Maces & Flails
   815 | D:1      | Reached XP level 3. HP: 23/23 MP: 3/3
  1148 | D:2      | Reached skill level 4 in Maces & Flails
  1207 | D:2      | Reached XP level 4. HP: 28/28 MP: 4/4
  1463 | D:2      | Found an opulent altar of Gozag.
  2090 | D:3      | Reached skill level 5 in Maces & Flails
  2094 | D:3      | Reached XP level 5. HP: 31/32 MP: 5/5
  2337 | D:3      | Noticed an ogre
  2344 | D:3      | Killed an ogre
  2344 | D:3      | Reached skill level 6 in Maces & Flails
  2700 | D:3      | Found a faded altar of an unknown god.
  2786 | D:4      | Reached XP level 6. HP: 36/37 MP: 6/6
  2901 | D:4      | Found a white marble altar of Elyvilon.
  2945 | D:4      | Found a bloodstained altar of Trog.
  2995 | D:4      | Found an iron altar of Okawaru.
  2999 | D:4      | Found a hazy altar of Hepliaklqana.
  3004 | D:4      | Became a worshipper of Warmaster Okawaru
  3132 | D:4      | Noticed a phantom
  3158 | D:4      | Killed a phantom
  3158 | D:4      | Reached skill level 7 in Maces & Flails
  3366 | D:4      | Found a sparkling altar of Nemelex Xobeh.
  3392 | D:4      | Noticed Robin
  3420 | D:4      | Reached XP level 7. HP: 25/41 MP: 7/7
  3426 | D:4      | Killed Robin
  3765 | D:5      | Entered Level 5 of the Dungeon
  4101 | D:5      | Reached skill level 8 in Maces & Flails
  4152 | D:5      | Slain by an orc warrior

Illustrated notes

Levels and vault maps discovered:
D:1:      heliophobic_arrival_ceremonial_halls, layout_loops_cross,
          corner_web_ring
D:2:      layout_loops_ring, nicolae_gozag_cash_rules_everything_around_me,
          st_stairs_3
D:3:      layout_loops_ring, chequers_ecumenical_altar_grove,
          chequers_serial_rivers_marsh
D:4:      layout_cave_pools, nemelex_xobeh_ov_fountains_minmay,
          grunt_temple_overflow_open, first_ration, nicolae_zen_rock_garden,
          chequers_serial_rivers_large_a, uniq_robin
D:5:      layout_layer_cave, lemuel_round_altar, serial_shops,
          nicolae_shop_trees, skrybe_limestone_x, st_stairs_7,
          evilmike_ruin_ashenzari

Skill      XL: |  1  2  3  4  5  6  7 |
---------------+----------------------+-----
Maces & Flails | 3 4 5 6 7 8 |  8.4
Fighting       | |  3.2
Armour         | |  3.2
Shields        | |  3.2

Action                   |  1- 3 |  4- 6 |  7- 9 || total
-------------------------+-------+-------+-------++-------
Melee: Flail             |   115 |   246 |   117 ||   478
Throw: Dart              |       |     3 |       ||     3
  Use: Scroll            |       |     1 |       ||     1
  Eat: Chunk             |     1 |     7 |     3 ||    11
Armor: Scale mail        |    49 |   167 |    63 ||   279
Dodge: Dodged            |    44 |   107 |    31 ||   182
Block: Kite shield       |    61 |   178 |    98 ||   337
       Reflection        |       |       |     1 ||     1
